 Dungeon Crawl Stone Soup version 0.28-a0-247-gb8bfbab023 (webtiles) character file.

Game seed: 12898684629547110241

767 sizableburger the Grave Robber (level 7, -3/49 HPs)
             Began as a Palentonga Necromancer on Aug 25, 2021.
             Succumbed to a gnoll's poison
             ... on level 5 of the Dungeon.
             The game lasted 00:14:53 (6459 turns).

sizableburger the Grave Robber (PaNe)               Turns: 6459, Time: 00:14:54

Health: -3/49      AC: 12    Str: 10 (11) XL:     7   Next: 52%
Magic:  4/12       EV:  7    Int: 16 (18) God:
Gold:   153        SH:  0    Dex:  7 (10) Spells: 1/13 levels left

rFire   + . .      SeeInvis +   d - +0 mace
rCold   x . .      Faith    .   (no shield)
rNeg    . . .      Spirit   .   a - +0 robe
rPois   .          Reflect  .   c - +2 hat
rElec   .          Harm     .   (no cloak)
rCorr   .          Rampage  .   m - +0 pair of gloves
Will    .....                   z - +1 barding
Stlth   +.........              u - amulet of regeneration
HPRegen 1.16/turn               A - ring of fire
MPRegen 0.13/turn               (no ring)

@: brilliant, lethally poisoned (-3 -> -15), flying, invisible
A: large, rugged brown scales 3, see invisible, deformed body, roll 1, armoured
tail, reflexive curl
a: Rolling Charge


You were on level 5 of the Dungeon.
You visited 1 branch of the dungeon, and saw 5 of its levels.

You collected 153 gold pieces.

Inventory:

Hand Weapons
 d - a +0 mace (weapon)
Missiles
 l - 52 poisoned darts (quivered)
Armour
 a - a +0 robe (worn)
 c - a +2 hat (worn)
 m - a +0 pair of gloves (worn)
 z - a +1 barding (worn)
Magical Staves
 r - a staff of cold
Jewellery
 u - an amulet of regeneration (around neck)
 w - a ring of protection from fire
 A - a ring of fire (left hand)
Scrolls
 e - a scroll of teleportation {unknown}
 g - a scroll of fog {unknown}
 h - 2 scrolls of blinking {unknown}
 i - 3 scrolls of identify
 k - a scroll of amnesia {unknown}
 n - a scroll of fear {unknown}
 o - 2 scrolls of immolation {unknown}
 p - a scroll of vulnerability
 x - a scroll of torment {unknown}
 y - a scroll of noise {unknown}
Potions
 f - a potion of berserk rage
 q - a potion of curing {unknown}
 v - a potion of might {unknown}


   Skills:
 - Level 1.6 Maces & Flails
 - Level 1.6 Throwing
 - Level 1.5 Dodging
 - Level 1.2 Stealth
 + Level 3.7 Spellcasting
 + Level 0.1 Conjurations
 - Level 4.5 Necromancy
 - Level 3.3 Transmutations
 + Level 2.8 Fire Magic
 - Level 2.8 Poison Magic


You had one spell level left.
You knew the following spells:

 Your Spells              Type           Power      Damage    Failure   Level
a - Pain                  Necr           100%       1d9       2%          1
b - Vampiric Draining     Necr           13%        2d7       9%          3
c - Ignite Poison         Fire/Tmut/Pois 28%        N/A       16%         3
d - Foxfire               Conj/Fire      68%        2x1d7     10%         1
e - Sticky Flame          Conj/Fire      17%        2d4       67%         4

Your spell library contained the following spells:

 Spells                   Type           Power      Damage    Failure   Level
 Animate Skeleton         Necr           52%        N/A       2%          1
 Animate Dead             Necr           13%        N/A       26%         4
 Conjure Flame            Conj/Fire      17%        6-21      28%         3
 Inner Flame              Hex/Fire       17%        N/A       28%         3
 Frozen Ramparts          Ice            8%         1d2       45%         3
 Gell's Gravitas          Tloc           2%         N/A       45%         3
 Lesser Beckoning         Tloc           2%         N/A       45%         3
 Teleport Other           Tloc           4%         N/A       45%         3
 Agony                    Necr           26%        N/A       58%         5
 Ice Form                 Ice/Tmut       12%        N/A       65%         4
 Summon Ice Beast         Ice/Summ       4%         N/A       86%         4


Dungeon Overview and Level Annotations

Branches:
Dungeon (5/15)
 Temple: D:4-7

Altars:
Wu Jian

Shops:
D:2 ?

Annotations:
D:3 2 transporters, HuGe's ghost, amateur DsBe


Innate Abilities, Weirdness & Mutations

You are completely covered in rugged brown scales. (AC +3, +7% HP)
You have supernaturally acute eyesight. (SInv)
Armour fits poorly on your strangely shaped body.
You can roll at nearby foes to attack.
You have a long armoured tail.
You curl defensively after being hit.


Message History

The foxfire hits the gnoll.
The gnoll is almost dead.
The gnoll hits you with a +1 flail of venom.
You are more poisoned.
The gnoll hits you with a +0 flail.
You struggle against the net.
You feel very sick.
The gnoll hits you with a +1 flail of venom.
You are more poisoned.
The gnoll hits you with a +0 flail.
Unknown command.
Okay, then.
You rip the net and break free!
You feel very sick. The gnoll hits you but does no damage.
You are more poisoned.
The gnoll hits you with a +0 flail.
It was a potion of flight.
You feel very buoyant.
You fly up into the air.
* * * LOW HITPOINT WARNING * * *
You feel very sick. The gnoll hits you but does no damage.
The gnoll barely misses you.
It was a potion of brilliance.
You feel clever all of a sudden.
* * * LOW HITPOINT WARNING * * *
You feel very sick.
The gnoll hits you with a +1 flail of venom.
* * * LOW HITPOINT WARNING * * *
You are more poisoned.
The gnoll barely misses you.
It was a potion of degeneration.
There was something very wrong with that liquid.
You feel weakened.
You feel dopey.
You feel clumsy.
* * * LOW HITPOINT WARNING * * *
You feel very sick. The gnoll barely misses you. The gnoll closely misses you.
It was a potion of invisibility.
You fade into invisibility!
You die...

... ##...
########...#
#.........##.##..
#.........##.##.#
#<@.....#.##.##.# #
#.gg....#.##[##.###
#.......#.##.##.##.
#####(##..##.##.##.
#....###.##.##.
####..###.....).
#.........##.##.
#.........##.#..
#..(......##.#.#


You could see 2 gnolls.

Vanquished Creatures
  A water moccasin (D:5)
  An ogre (D:4)
  A centaur (D:5)
  4 killer bees
  A jelly (D:5)
  A hound (D:4)
  A centaur skeleton (D:4)
  Natasha (thrice) (D:3)
  An iguana (D:4)
  3 gnolls
  4 adders
  A worm (D:2)
  2 dart slugs (D:3)
  5 orcs (D:3)
  6 bats
  2 endoplasms
  3 giant cockroaches
  7 goblins
  6 hobgoblins
  6 jackals
  5 quokkas
  5 ball pythons
  4 frilled lizards
  7 kobolds
  8 rats
88 creatures vanquished.

Vanquished Creatures (others)
  6 foxfires (D:5)
6 creatures vanquished.

Grand Total: 94 creatures vanquished

Notes
Turn   | Place    | Note
-------+----------+-------------------------------------------
     0 | D:1      | sizableburger the Palentonga Necromancer began the quest
                  | for the Orb.
     0 | D:1      | Reached XP level 1. HP: 13/13 MP: 3/3
   692 | D:1      | Reached XP level 2. HP: 19/20 MP: 5/5
  1951 | D:2      | Reached skill level 1 in Maces & Flails
  2132 | D:2      | Reached XP level 3. HP: 17/25 MP: 0/6
  2482 | D:1      | Learned a level 3 spell: Vampiric Draining
  2640 | D:2      | Learned a level 3 spell: Ignite Poison
  3013 | D:2      | Found Koawem's Magic Scroll Emporium.
  3318 | D:2      | Reached XP level 4. HP: 26/32 MP: 3/8
  3739 | D:3      | Noticed Natasha
  3746 | D:3      | Killed Natasha
  3944 | D:3      | Found an ornate altar of the Wu Jian Council.
  3950 | D:3      | Noticed a spectral centipede
  3950 | D:3      | Noticed a spectral black mamba
  3950 | D:3      | Noticed a spectral cane toad
  3973 | D:3      | Found a transporter.
  3974 | D:3      | Noticed HuGe's ghost (amateur DsBe)
  3974 | D:3      | Noticed an ogre
  3977 | D:3      | Noticed an ogre
  3998 | D:3      | Found a transporter.
  4323 | D:3      | Noticed Natasha
  4329 | D:3      | Killed Natasha
  4330 | D:3      | Reached skill level 1 in Transmutations
  4330 | D:3      | Reached skill level 1 in Fire Magic
  4330 | D:3      | Reached skill level 1 in Poison Magic
  4330 | D:3      | Reached XP level 5. HP: 32/37 MP: 0/9
  4502 | D:3      | Noticed Natasha
  4508 | D:3      | Killed Natasha
  4998 | D:4      | Reached skill level 1 in Throwing
  5040 | D:4      | Learned a level 1 spell: Foxfire
  5425 | D:4      | Noticed an ogre
  5439 | D:4      | Killed an ogre
  5440 | D:4      | Reached XP level 6. HP: 39/43 MP: 3/10
  5501 | D:5      | Entered Level 5 of the Dungeon
  5501 | D:5      | Noticed a water moccasin
  5704 | D:5      | Upgraded the game from 0.28-a0-245-g639a1a48b9 to
                  | 0.28-a0-247-gb8bfbab023
  5811 | D:5      | Killed a water moccasin
  5812 | D:5      | Gained mutation: You curl defensively after being hit.
                  | [Palentonga growth]
  5812 | D:5      | Reached XP level 7. HP: 49/49 MP: 1/11
  6320 | D:5      | Learned a level 4 spell: Sticky Flame
  6458 | D:5      | HP: 1/49 [poisoned by a gnoll]
  6459 | D:5      | Succumbed to a gnoll's poison

Illustrated notes

Levels and vault maps discovered:
D:1:      psy_arrival_conway, layout_basic
D:2:      layout_loops_corners, serial_shops, shop, lemuel_flame_loot_1
D:3:      layout_loops_ring, pdpol_wu_jian_five_deadly_venoms,
          gammafunk_ghost_smash, uniq_natasha
D:4:      layout_basic
D:5:      layout_rooms

Skill      XL: |  1  2  3  4  5  6  7 |
---------------+----------------------+-----
Maces & Flails | 1 |  1.6
Spellcasting   | 3 |  3.7
Transmutations | 1 2 3 |  3.3
Fire Magic     | 1 2 |  2.8
Poison Magic   | 1 2 |  2.8
Throwing       | 1 |  1.6
Dodging        | |  1.5
Stealth        | |  1.2
Conjurations   | |  0.1
Necromancy     | |  4.5

Action                   |  1- 3 |  4- 6 |  7- 9 || total
-------------------------+-------+-------+-------++-------
Melee: Mace              |    55 |    92 |     6 ||   153
       Tailslap          |     3 |     4 |       ||     7
Throw: Dart              |       |     4 |       ||     4
 Cast: Pain              |    54 |    27 |       ||    81
       Vampiric Draining |       |    18 |    16 ||    34
       Ignite Poison     |       |     1 |       ||     1
       Foxfire           |       |     1 |     2 ||     3
 Abil: Rolling Charge    |     1 |       |     1 ||     2
  Use: Scroll            |     1 |     3 |       ||     4
       Potion            |       |     1 |     4 ||     5
 Stab: Sleeping          |     1 |     2 |       ||     3
Armor: Robe              |    50 |    72 |    16 ||   138
Dodge: Dodged            |    44 |    71 |    28 ||   143

Table legend: (Time is in decaauts)
 A = Elapsed time spent in this place.
 B = Non-inter-level travel time spent in this place.
 C = Inter-level travel time spent in this place.
 D = Time resting spent in this place.
 E = Time spent auto-exploring this place.
 F = Levels seen in this place.
 G = Mean time per level.
                   A        B        C        D        E       F      G
               +--------+--------+--------+--------+--------+-----+--------+
         Total |   6542 |   6332 |    210 |   2106 |   3271 |   5 | 1308.4 |
       Dungeon |   6542 |   6332 |    210 |   2106 |   3271 |   5 | 1308.4 |
               +--------+--------+--------+--------+--------+-----+--------+

Top non-repeatable levels by time:
     D:2: 1778 daAuts
     D:1: 1611 daAuts
     D:3: 1479 daAuts
     D:4: 1257 daAuts
     D:5: 416 daAuts
